 Dungeon Crawl Stone Soup version 0.31-a0-152-g6aa68a64a1 (webtiles) character file.

Game seed: 6268082769472249568

53 Moral the Sneak (level 4, -6/27 HPs)
             Began as a Kobold Brigand on June 11, 2023.
             Mangled by a sleepcap (20 damage)
             ... on level 4 of the Dungeon.
             The game lasted 00:05:12 (928 turns).

Moral the Sneak (Kobold Brigand)                     Turns: 928, Time: 00:05:12

Health: -6/27      AC:  3    Str:  8    XL:     4   Next: 11%
Magic:  4/4        EV:  3    Int: 12    God:
Gold:   22         SH:  0    Dex: 18    Spells: 3/3 levels left

rFire   . . .        a - +2 dagger
rCold   . . .        (no shield)
rNeg    . . .        b - +0 robe
rPois   .            (no helmet)
rElec   .            c - +0 cloak
rCorr   .            (no gloves)
SInv    .            (no boots)
Will    .....        (no amulet)
Stlth   ++++         (no ring)
HPRegen 0.24/turn    (no ring)
MPRegen 0.09/turn

%: no passive effects
@: sleeping
A: small, no large weapons, nightstalker 3
a: no special abilities


You were on level 4 of the Dungeon.
You visited 1 branch of the dungeon, and saw 4 of its levels.

You collected 22 gold pieces.

Inventory:

Hand Weapons
 a - a +2 dagger (weapon)
Missiles
 d - 7 poisoned darts (quivered)
 e - a curare-tipped dart
Armour
 b - a +0 robe (worn)
 c - a +0 cloak (worn)


   Skills:
 + Level 2.4 Fighting
 + Level 3.1 Short Blades
 * Level 2.8 Throwing
 * Level 1.7 Dodging
 * Level 6.4 Stealth


You had 3 spell levels left.
You didn't know any spells.
Your spell library was empty.

Dungeon Overview and Level Annotations

Branches:
Dungeon (4/15)
 Temple: D:4-7

Altars:


Innate Abilities, Weirdness & Mutations

You are small and have problems with some larger weapons.
You are completely attuned to the shadows.


Message History

You hit the sleepcap but do no damage.
The sleepcap is lightly damaged.
The sleepcap misses you.
You hit the sleepcap but do no damage.
The sleepcap is lightly damaged.
The sleepcap releases spores at you.
You hit the sleepcap but do no damage.
The sleepcap is lightly damaged.
The sleepcap closely misses you.
You hit the sleepcap but do no damage.
The sleepcap is lightly damaged.
The sleepcap closely misses you.
You hit the sleepcap.
The sleepcap is moderately damaged.
The sleepcap closely misses you.
You hit the sleepcap but do no damage.
The sleepcap is moderately damaged.
Unknown command.
You hit the sleepcap.
The sleepcap is moderately damaged.
The sleepcap barely misses you.
You hit the sleepcap but do no damage.
The sleepcap is moderately damaged.
The sleepcap releases spores at you.
You hit the sleepcap.
The sleepcap is moderately damaged.
The sleepcap completely misses you.
You hit the sleepcap.
The sleepcap is heavily damaged.
The sleepcap closely misses you.
You hit the sleepcap.
The sleepcap is heavily damaged.
The sleepcap releases spores at you.
You are engulfed in a cloud of soporific spores!
You fall asleep.
The sleepcap barely misses you. x2
The sleepcap releases spores at you but does no damage.
The sleepcap releases spores at you!!
Ouch! That really hurt!
You die...

....# ...[#..
#...... #......
#@..... #f.....
#.###.. . #
#####.# .###
#.##.....#
..)######.##.#####
...).........##
..)#..........#
..†#.......#..#


You could see a sleepcap.

Vanquished Creatures
  4 orcs
  2 ball pythons
  5 endoplasms
  4 giant cockroaches
  3 goblins
  2 hobgoblins
  5 jackals (D:3)
  4 quokkas
  7 bats
  3 frilled lizards
  A kobold (D:4)
  3 rats (D:1)
43 creatures vanquished.

Notes
Turn   | Place    | Note
-------+----------+-------------------------------------------
     0 | D:1      | Moral the Kobold Brigand began the quest for the Orb.
     0 | D:1      | Reached XP level 1. HP: 12/12 MP: 1/1
   179 | D:1      | Reached XP level 2. HP: 18/18 MP: 2/2
   301 | D:1      | Reached skill level 6 in Stealth
   324 | D:2      | Reached XP level 3. HP: 22/22 MP: 3/3
   802 | D:4      | Reached XP level 4. HP: 20/27 MP: 4/4
   928 | D:4      | Mangled by a sleepcap

Illustrated notes

Levels and vault maps discovered:
D:1:      dpeg_arrival_arbitrary_b, layout_basic, nrook_loot_triangle
D:2:      layout_loops_ring, chequers_decorated_corner
D:3:      layout_rooms
D:4:      minmay_general_purpose_star, layout_basic

Skill      XL: |  1  2  3 |
---------------+----------+-----
Stealth        | 6 |  6.4
Short Blades   | 3 |  3.1
Fighting       | |  2.4
Throwing       | |  2.8
Dodging        | |  1.7

Action                     |  1- 3 |  4- 6 || total
---------------------------+-------+-------++-------
  Melee: Dagger            |   118 |    18 ||   136
         Punch             |     1 |       ||     1
  Throw: Dart              |    17 |     3 ||    20
    Use: Scroll            |     3 |       ||     3
         Potion            |     1 |       ||     1
   Stab: Sleeping          |     4 |       ||     4
 Armour: Robe              |    40 |     1 ||    41
  Dodge: Dodged            |   141 |    18 ||   159

Table legend: (Time is in decaauts)
 A = Elapsed time spent in this place.
 B = Non-inter-level travel time spent in this place.
 C = Inter-level travel time spent in this place.
 D = Time resting spent in this place.
 E = Time spent auto-exploring this place.
 F = Levels seen in this place.
 G = Mean time per level.
                   A        B        C        D        E       F      G
               +--------+--------+--------+--------+--------+-----+--------+
         Total |    905 |    905 |      0 |    248 |    224 |   4 |  226.2 |
       Dungeon |    905 |    905 |      0 |    248 |    224 |   4 |  226.2 |
               +--------+--------+--------+--------+--------+-----+--------+

Top non-repeatable levels by time:
     D:3: 336 daAuts
     D:1: 307 daAuts
     D:4: 191 daAuts
     D:2: 69 daAuts
